 Dungeon Crawl Stone Soup version 0.29.1-1-gd02db6906a (webtiles) character file.

Game seed: 8926409654625102885

2641 Tirrikindir the Fighter (level 9, -4/69 (70) HPs)
             Began as an Octopode Fighter on Oct 21, 2022.
             Was an Elder of Cheibriados.
             Slain by a hornet (15 damage)
             ... while paralysed by a hornet
             ... on level 7 of the Dungeon.
             The game lasted 00:12:42 (5594 turns).

Tirrikindir the Fighter (Octopode Fighter)          Turns: 5594, Time: 00:12:43

HP:   -4/69 (70)    AC:  3    Str: 30    XL:     9   Next: 61%
MP:   0/3           EV:  2    Int: 19    God:    Cheibriados [****..]
Gold: 257           SH:  0    Dex: 25    Spells: 8/8 levels left

rFire   + . .      SeeInvis .   n - +2 whip (freeze)
rCold   + . .      Faith    .   b - +0 buckler
rNeg    . . .      Spirit   +   q - +2 hat
rPois   .          Reflect  .   E - amulet of guardian spirit
rElec   +          Harm     .   o - +6 ring of strength
rCorr   .          Rampage  .   p - ring "Qiobirph" {rElec rC+ MP-9 EV+4}
Will    +....                   w - ring of protection from fire
Stlth   +++++.....              B - ring of willpower
HPRegen 0.21/turn               (no ring)
MPRegen 0.08/turn               (no ring)
                                (no ring)
                                (no ring)

@: paralysed, mighty, lethally poisoned (-4 -> -19), slowed, lightly drained,
very slow
A: almost no armour, amphibious, 8 rings, camouflage 1, gelatinous body 1,
(nimble swimmer 1), tentacles
a: Renounce Religion, Bend Time, Temporal Distortion, Slouch


You were on level 7 of the Dungeon.
You worshipped Cheibriados.
Cheibriados was greatly pleased with you.
You visited 1 branch of the dungeon, and saw 7 of its levels.

You collected 377 gold pieces.
You spent 120 gold pieces at shops.

Inventory:

Hand Weapons
 a - a +0 flail of venom
 n - a +2 whip of freezing (weapon)
 y - a +0 war axe of venom
Missiles
 g - 13 poisoned darts (quivered)
Armour
 b - a +0 buckler (worn)
 q - a +2 hat (worn)
Jewellery
 o - a +6 ring of strength (left tentacle)
 p - the ring "Qiobirph" (right tentacle) {rElec rC+ MP-9 EV+4}
   (You found it on level 3 of the Dungeon)

   [ring of evasion]

   EV:        It affects your evasion (+4).
   rC:        It protects you from cold.
   rElec:     It insulates you from electricity.
   MP:        It affects your magic capacity (-9).
 w - a ring of protection from fire (on tentacle)
 B - a ring of willpower (on tentacle)
 E - an amulet of guardian spirit (around mantle)
Scrolls
 h - a scroll of brand weapon
 j - a scroll of poison {unknown}
 k - 3 scrolls of enchant weapon
 l - 4 scrolls of teleportation
 s - a scroll of immolation {unknown}
 u - a scroll of amnesia {unknown}
 v - 2 scrolls of fog
 z - a scroll of fear {unknown}
 A - a scroll of vulnerability {unknown}
Potions
 c - a potion of might
 d - 5 potions of ambrosia
 e - a potion of lignification
 f - 2 potions of magic
 i - 2 potions of invisibility
 m - 3 potions of heal wounds
 r - a potion of flight {unknown}
 t - a potion of cancellation {unknown}
 x - a potion of haste {unknown}
 C - 3 potions of curing
 D - a potion of attraction {unknown}


   Skills:
 * Level 10.0 Fighting
 - Level 2.0 Maces & Flails
 + Level 0.0 Throwing
 * Level 5.0 Dodging
 + Level 6.0 Stealth
 * Level 5.0 Shields
 + Level 0.0 Spellcasting
 + Level 5.0 Invocations


You had 8 spell levels left.
You didn't know any spells.
Your spell library contained the following spells:

 Spells                   Type           Power      Damage    Failure   Level
 Freeze                   Ice            0%         1d3       26%         1
 Sublimation of Blood     Necr           0%         N/A       36%         2
 Frozen Ramparts          Ice            0%         1d1       61%         3
 Hailstorm                Conj/Ice       0%         3d3       95%         4
 Petrify                  Tmut/Erth      0%         N/A       95%         4
 Irradiate                Conj/Tmut      0%         3d11      100%        5


Dungeon Overview and Level Annotations

Branches:
Dungeon (7/15)
 Temple: D:4-7

Altars:
Cheibriados
Fedhas
Makhleb
Okawaru
Qazlal
Sif Muna
Trog

Shops:
D:5 (([:*


Innate Abilities, Weirdness & Mutations

You cannot wear most types of armour.
You are amphibious.
You can wear up to eight rings at the same time.
Your skin changes colour to match your surroundings (Stealth+).
Your rubbery body absorbs attacks. (AC +1, EV +1)
((You are camouflaged when in or above water. (Stealth+)))
You have tentacles for arms and can constrict up to eight enemies at once.


Message History

You kill the kobold!
Cheibriados appreciates the change of pace.
The kobold barely misses you.
An iguana comes into view.
The kobold throws a stone.
The stone barely misses you.
A kobold comes into view. It is wielding a +0 dagger.
The kobold throws a stone.
The stone hits you but does no damage.
A kobold brigand comes into view.
It is wielding a +0 club and quivering curare-tipped darts.
You block the kobold's attack. The kobold completely misses you.
The hornet stings you!
You feel yourself slow down.
You feel yourself speed up.
The kobold throws a stone.
The stone barely misses you. The hornet misses you.
The kobold barely misses you. The hornet closely misses you.
You block the kobold's attack. The hornet misses you.
The kobold attacks as you move away! You block the kobold's attack.
The kobold attacks as you move away! You block the kobold's attack.
The hornet misses you.
An ogre comes into view. It is wielding a +0 giant club.
You block the hornet's attack. The kobold completely misses you.
The ogre moves out of view.
The kobold attacks as you move away! The kobold closely misses you.
The hornet closely misses you. The hornet barely misses you.
The hornet closely misses you.
Okay, then.
You feel very mighty all of a sudden. The hornet stings you!
You are poisoned.
You feel yourself slow down. The hornet stings you.
You suddenly lose the ability to move!
You feel sick. The hornet stings you.
* * * LOW HITPOINT WARNING * * *
You are lethally poisoned!
You feel as though you will be slow longer.
* * * LOW HITPOINT WARNING * * *
You feel very sick.
The hornet stings you but does no damage.
A kobold comes into view.
It is wielding a +0 dagger and quivering poisoned darts.
The hornet stings you!
You die...

#.........).......
#......###........
#...).))..).......
##..)..K...........
##..............>.$#
#.....KK############
#.###KK## #.# ##y#
##(.# #.# #@# #...#
# #.## #... #..#
#..# #..### ##..#
##...##### #...##
##.......###....##
###...###..........#
####...###
###...#.....
#......# ##...#...[


You could see a hornet, a kobold brigand and 4 kobolds.

Vanquished Creatures
  Pikel (D:5)
  A hornet (D:7)
  Grinder (D:3)
  A steam dragon (D:6)
  A water moccasin (D:6)
  An ice beast (D:7)
  A black bear (D:7)
  2 centaurs
  Blork the orc (D:6)
  2 necrophages (D:6)
  2 scorpions (D:5)
  5 wights (D:7)
  2 howler monkeys
  2 orc priests
  2 hounds
  2 jellies (D:6)
  5 iguanas
  Natasha (twice) (D:3)
  2 orc wizards
  A gnoll (D:5)
  5 adders
  2 white imps (D:7)
  An ufetubus (D:5)
  A worm (D:2)
  A dart slug (D:2)
  13 orcs
  5 endoplasms
  2 giant cockroaches
  5 goblins
  8 hobgoblins
  7 kobolds
  2 quokkas
  6 ball pythons
  5 bats
  3 frilled lizards
  3 rats
  A spectral kobold (D:1)
107 creatures vanquished.

Vanquished Creatures (others)
  3 fungi (D:5)
  2 plants (D:5)
5 creatures vanquished.

Grand Total: 112 creatures vanquished

Notes
Turn   | Place    | Note
-------+----------+-------------------------------------------
     0 | D:1      | Tirrikindir the Octopode Fighter began the quest for the
                  | Orb.
     0 | D:1      | Reached XP level 1. HP: 16/16 MP: 1/1
   228 | D:1      | Reached XP level 2. HP: 21/21 MP: 2/2
   234 | D:1      | Found a faded altar of an unknown god.
   327 | D:1      | Prayed at the altar of an unknown god.
   327 | D:1      | Became a worshipper of Cheibriados the Contemplative
   327 | D:1      | Reached * piety under Cheibriados
   391 | D:1      | Reached skill level 1 in Stealth
   901 | D:2      | Reached XP level 3. HP: 24/26 MP: 3/3
  1198 | D:2      | Reached ** piety under Cheibriados
  1416 | D:2      | Reached skill level 1 in Invocations
  1416 | D:2      | Reached XP level 4. HP: 33/33 MP: 4/4
  1546 | D:3      | Found a burning altar of Makhleb.
  1860 | D:3      | Identified the ring "Qiobirph" {rElec rC+ MP-9 EV+4}
  1917 | D:3      | Noticed Natasha
  1922 | D:3      | Killed Natasha
  2028 | D:3      | Noticed Natasha
  2035 | D:3      | Killed Natasha
  2036 | D:3      | Reached skill level 4 in Fighting
  2036 | D:3      | Reached XP level 5. HP: 35/37 MP: 0/6
  2081 | D:3      | Noticed Grinder
  2085 | D:3      | Paralysed by Grinder for 4 turns
  2094 | D:3      | Killed Grinder
  2095 | D:3      | Reached XP level 6. HP: 24/44 MP: 0/7
  3075 | D:4      | Reached *** piety under Cheibriados
  3076 | D:4      | Reached skill level 5 in Fighting
  3307 | D:5      | Entered Level 5 of the Dungeon
  3317 | D:5      | Noticed Pikel
  3330 | D:5      | Killed Pikel
  3331 | D:5      | Reached XP level 7. HP: 36/51 MP: 0/9
  3331 | D:5      | Reached XP level 8. HP: 41/57 MP: 1/10
  3336 | D:5      | Reached skill level 6 in Fighting
  3343 | D:5      | Found Heit's Weapon Boutique.
  3526 | D:5      | Found Weikhl Iffiv's General Store.
  3532 | D:5      | Bought a potion of curing for 36 gold pieces
  3532 | D:5      | Bought a scroll of teleportation for 36 gold pieces
  3532 | D:5      | Bought a scroll of fog for 48 gold pieces
  3581 | D:5      | Reached skill level 5 in Stealth
  3581 | D:5      | Reached skill level 5 in Shields
  3762 | D:5      | Found a blossoming altar of Fedhas.
  3764 | D:5      | Found a stormy altar of Qazlal.
  3804 | D:5      | Found Fudufeg's Weapon Emporium.
  3882 | D:5      | Found a bloodstained altar of Trog.
  3882 | D:5      | Found an iron altar of Okawaru.
  3924 | D:5      | Reached skill level 5 in Dodging
  4020 | D:5      | Found Koseis's Book Boutique.
  4064 | D:5      | Found Cotogu's Antique Armour Emporium.
  4438 | D:6      | Reached skill level 7 in Fighting
  4487 | D:6      | Reached XP level 9. HP: 16/65 MP: 3/12
  4759 | D:6      | Reached skill level 5 in Invocations
  4964 | D:6      | Found a shimmering blue altar of Sif Muna.
  4975 | D:6      | Reached skill level 8 in Fighting
  5092 | D:6      | Reached **** piety under Cheibriados
  5193 | D:6      | Noticed Blork the orc
  5202 | D:6      | Killed Blork the orc
  5491 | D:7      | Reached skill level 9 in Fighting
  5527 | D:7      | Noticed a hornet
  5537 | D:7      | Killed a hornet
  5568 | D:7      | Reached skill level 10 in Fighting
  5584 | D:7      | Noticed a hornet
  5592 | D:7      | Paralysed by a hornet for 3 turns
  5594 | D:7      | Slain by a hornet

Illustrated notes

Levels and vault maps discovered:
D:1:      wander_arrival_peaceful_grave, layout_basic,
          dreamdust_ecumenical_altar_drowned_temple, nicolae_hexahallways
D:2:      layout_loops_ring
D:3:      layout_loops_ring, bloody_makhleb, uniq_natasha, uniq_grinder
D:4:      layout_basic
D:5:      layout_basic, grunt_temple_overflow_forces_of_nature,
          grunt_temple_overflow_bloody_war, serial_shops,
          nicolae_shop_hallway_stairs, shop, shop,
          nicolae_shop_advertising_works [nicolae_subvault_shop_adworks],
          shop_fountains, uniq_pikel
D:6:      layout_gridville, mainiacjoe_overflow_brackets, dk_noncrumbling_4,
          eino_small_chamber_without_monster, uniq_blork_the_orc
D:7:      layout_layer_cave, minmay_temple_entry_metal_lava

Skill      XL: |  1  2  3  4  5  6  7  8  9 |
---------------+----------------------------+-----
Stealth        | 1 2 3 4 6 |  6.0
Invocations    | 1 2 3 4 5 |  5.0
Fighting       | 4 5 7 10 | 10.0
Dodging        | 4 5 |  5.0
Shields        | 4 5 |  5.0
Maces & Flails | |  2.0

Action                   |  1- 3 |  4- 6 |  7- 9 || total
-------------------------+-------+-------+-------++-------
Melee: Flail             |    50 |     7 |    10 ||    67
       Constrict         |    13 |    16 |    28 ||    57
       Tentacles         |     7 |     9 |    41 ||    57
       Whip              |       |    52 |   111 ||   163
       Punch             |       |     1 |     2 ||     3
Throw: Dart              |       |       |     3 ||     3
  Use: Scroll            |     4 |     2 |     2 ||     8
       Potion            |       |     1 |     3 ||     4
 Stab: Sleeping          |    11 |     6 |     5 ||    22
       Distracted        |       |       |     1 ||     1
Armor: Skin              |     5 |     1 |     7 ||    13
Dodge: Dodged            |    28 |    42 |   130 ||   200
Block: Buckler           |    12 |     6 |    38 ||    56
